 Dungeon Crawl Stone Soup version 0.29.1-2-gbd0b4ee654 (webtiles) character file.

Game seed: 11339413777023864712

4890 Raikaria the Spear-Bearer (level 10, -17/88 HPs)
             Began as a Green Draconian Warper on Nov 6, 2022.
             Was a Follower of Okawaru.
             Killed from afar by Lodul (25 damage)
             ... with a bolt of lightning
             ... on level 10 of the Dungeon.
             The game lasted 00:24:08 (11566 turns).

Raikaria the Spear-Bearer (Green Draconian Warper) Turns: 11566, Time: 00:24:08

Health: -17/88     AC:  8    Str: 14    XL:     10   Next: 26%
Magic:  16/16      EV: 12    Int: 17    God:    Okawaru [*.....]
Gold:   437        SH:  5    Dex: 11    Spells: 7/17 levels left

rFire   . . .      SeeInvis .   p - +2 trident (protect)
rCold   . . .      Faith    .   r - +0 buckler
rNeg    . . .      Spirit   .   (body armour unavailable)
rPois   +          Reflect  .   (helmet restricted)
rElec   .          Harm     .   G - +0 cloak
rCorr   .          Rampage  .   (no gloves)
Will    .....                   (no boots)
Stlth   +.........              (no amulet)
HPRegen 0.24/turn               (no ring)
MPRegen 0.15/turn               (no ring)

@: short of breath
A: breathe noxious fumes, AC +7, unfitting armour, poison resistance,
cold-blooded
a: Breathe Noxious Fumes, Renounce Religion, Heroism


You were on level 10 of the Dungeon.
You worshipped Okawaru.
Okawaru was aware of your devotion.
You visited 2 branches of the dungeon, and saw 11 of its levels.

You collected 437 gold pieces.

Inventory:

Hand Weapons
 p - a +2 trident of protection (weapon)
Missiles
 a - 3 silver boomerangs
 c - 10 boomerangs of dispersal (quivered)
Armour
 r - a +0 buckler (worn)
 G - a +0 cloak (worn)
Jewellery
 e - a ring of poison resistance
 i - a ring of flight
Wands
 w - a wand of mindburst (11)
 x - a wand of flame (36)
 D - a wand of roots (14)
 F - a wand of polymorph (11)
Scrolls
 b - 4 scrolls of blinking
 d - 13 scrolls of identify {unknown}
 f - 2 scrolls of enchant weapon {unknown}
 g - 4 scrolls of teleportation {unknown}
 k - a scroll of noise {unknown}
 l - 2 scrolls of enchant armour {unknown}
 o - 2 scrolls of vulnerability {unknown}
 q - a scroll of immolation {unknown}
 v - 2 scrolls of poison {unknown}
 y - a scroll of butterflies {unknown}
 z - a scroll of summoning {unknown}
 A - 2 scrolls of magic mapping {unknown}
 B - a scroll of brand weapon {unknown}
 H - a scroll of torment {unknown}
Potions
 h - a potion of curing
 j - a potion of heal wounds {unknown}
 m - a potion of cancellation {unknown}
 n - a potion of brilliance {unknown}
 s - a potion of lignification {unknown}
 t - 3 potions of haste {unknown}
 u - 2 potions of flight {unknown}
 C - a potion of invisibility {unknown}
 E - a potion of might {unknown}


   Skills:
 + Level 7.7 Fighting
 + Level 9.1 Polearms
 - Level 0.8 Throwing
 + Level 4.3 Dodging
 - Level 5.0 Shields
 - Level 4.4 Spellcasting
 - Level 6.3 Translocations
 - Level 3.3 Invocations


You had 7 spell levels left.
You knew the following spells:

 Your Spells              Type           Power      Damage    Failure   Level
a - Blink                 Tloc           50%        N/A       2%          2
b - Teleport Other        Tloc           25%        N/A       4%          3
c - Manifold Assault      Tloc           25%        N/A       36%         5

Your spell library contained the following spells:

 Spells                   Type           Power      Damage    Failure   Level
 Gell's Gravitas          Tloc           25%        N/A       4%          3
 Lesser Beckoning         Tloc           25%        N/A       4%          3
 Storm Form               Tmut/Air       1%         N/A       100%        7


Dungeon Overview and Level Annotations

Branches:
Dungeon (10/15)            Temple (1/1) D:6
   Lair: D:8-11         Orc: D:9-12

Altars:
Ashenzari
Cheibriados
Dithmenos
Elyvilon
Fedhas
Gozag
Hepliaklqana
Kikubaaqudgha
Nemelex Xobeh
Okawaru
Qazlal
Ru
Sif Muna
Uskayaw
Vehumet
Wu Jian
Zin
The Shining One

Shops:
D:6 *   D:8 [

Portals:
Abyss: D:5

Annotations:
D:5 2 transporters, itabs500's ghost, amateur FoFi
D:10 Lodul


Innate Abilities, Weirdness & Mutations

You can breathe blasts of noxious fumes.
Your lurid green scales are hard. (AC +7)
You cannot fit into any form of body armour.
Your system is resistant to poisons. (rPois)
You are cold-blooded and may be slowed by cold attacks.


Message History

You reach to attack!
You puncture the ogre!
The ogre is heavily wounded.
Lodul hits the ogre with a +2 dire flail of holy wrath!!
The ogre is killed!
Okawaru accepts your kill.
Items here: ))) †.
You barely miss the ogre.
Lodul hits the ogre with a +2 dire flail of holy wrath!!
The ogre is killed!
Okawaru accepts your kill.
You hit the ogre.
The ogre is lightly wounded.
The ogre hits you with a +0 giant spiked club!
You are too injured to fight recklessly!
You are too injured to fight recklessly!
You are too injured to fight recklessly!
You are too injured to fight recklessly!
You are too injured to fight recklessly!
You closely miss the ogre.
The ogre is lightly wounded.
Lodul seems less confused.
You hit the ogre.
The ogre is moderately wounded.
The ogre misses you. Lodul closely misses you.
The ogre attacks as you move away!
The ogre hits you with a +0 giant spiked club!
Reach: p) +2 trident (protect)
Press: ? - help, Dir - move target, f - ogre
Aim: an ogre, wielding a +0 giant spiked club (moderately wounded, about 22% to evade your +2 trident of protection)
You reach to attack!
You hit the ogre.
The ogre is moderately wounded.
Electricity crackles from Lodul's apparatus.
The bolt of lightning hits you! The ogre attacks as you move away!
The ogre barely misses you.
Electricity crackles from Lodul's apparatus.
The bolt of lightning hits you!!
* * * LOW HITPOINT WARNING * * *
Electricity crackles from Lodul's apparatus.
The bolt of lightning hits you!!
You die...

#.#)# #..#.. #.#.#
###....# #.#.##
#....... #.$O.#
#.#.....
#....########†####.#
#...............##..
#.#O#.#######.#.##.#
#.....# ...#.##.#
###@..# #.####.##..
........<.# # .####
............. .# #
########..###.. .# #
#..# .# # ..# # ..#
# ... # #


You could see Lodul and an ogre.

Vanquished Creatures
  Pikel (D:6)
  Maggie (D:6)
  Prince Ribbit (D:5)
  3 yaks (D:10)
  Menkaure (D:5)
  Duvessa (D:6)
  A water moccasin (D:6)
  A black bear (D:6)
  2 sky beasts (D:6)
  6 ogres
  2 centaurs (D:8)
  4 lemures (D:6)
  2 kobold brigands
  4 bullfrogs
  A scorpion (D:5)
  4 necrophages (D:6)
  9 wights
  Dowan (D:6)
  2 hounds
  A jelly (D:4)
  Crazy Yiuf (D:7)
  4 orc priests
  3 iguanas
  11 orc wizards
  A hound skeleton (D:3)
  9 gnolls (D:5)
  13 adders
  2 shadow imps
  A white imp (D:4)
  An ufetubus (D:4)
  An adder zombie (D:3)
  An adder skeleton (D:3)
  3 worms
  3 dart slugs
  33 orcs
  A bat (D:3)
  4 endoplasms
  3 giant cockroaches
  8 goblins
  9 hobgoblins
  15 kobolds
  4 quokkas
  11 ball pythons
  A ball python skeleton (D:3)
  A ball python zombie (D:3)
  4 frilled lizards
  5 rats
201 creatures vanquished.

Vanquished Creatures (others)
  A gnoll sergeant (D:5)
  5 plants (D:4)
  2 withered plants (D:3)
8 creatures vanquished.

Grand Total: 209 creatures vanquished

Notes
Turn   | Place    | Note
-------+----------+-------------------------------------------
     0 | D:1      | Raikaria the Draconian Warper began the quest for the Orb.
     0 | D:1      | Reached XP level 1. HP: 17/17 MP: 3/3
   354 | D:1      | Reached XP level 2. HP: 25/25 MP: 5/5
  1237 | D:2      | Reached XP level 3. HP: 20/30 MP: 6/6
  1542 | D:2      | Found a hazy altar of Hepliaklqana.
  1542 | D:2      | You fall into a shaft and drop 2 floors!
  1593 | D:3      | Reached skill level 3 in Polearms
  1593 | D:3      | Reached XP level 4. HP: 6/38 MP: 7/7
  2297 | D:2      | Learned a level 2 spell: Blink
  2500 | D:3      | Reached XP level 5. HP: 45/46 MP: 8/8
  3518 | D:4      | Found a hazy altar of Hepliaklqana.
  3684 | D:5      | Entered Level 5 of the Dungeon
  3754 | D:4      | Reached skill level 4 in Polearms
  3782 | D:4      | Reached XP level 6. HP: 30/53 MP: 9/9
  3926 | D:5      | Noticed Menkaure
  4021 | D:4      | Found an ornate altar of the Wu Jian Council.
  4510 | D:4      | Reached skill level 5 in Fighting
  4510 | D:4      | Reached skill level 1 in Shields
  4637 | D:4      | Your scales start taking on a lurid green colour.
  4637 | D:4      | Reached XP level 7. HP: 61/61 MP: 10/10
  4637 | D:4      | Gained mutation: Your system is resistant to poisons.
                  | (rPois) [Green Draconian growth]
  4799 | D:5      | Found a transporter.
  5158 | D:5      | Reached skill level 5 in Polearms
  5578 | D:6      | Noticed Dowan
  5580 | D:6      | Noticed Duvessa
  5607 | D:6      | HP: 3/63 [Duvessa/+0 short sword (2)]
  5617 | D:6      | Killed Duvessa
  5618 | D:6      | Reached XP level 8. HP: 11/70 MP: 6/11
  5618 | D:6      | Killed Dowan
  5933 | D:6      | Reached skill level 6 in Polearms
  5934 | D:6      | Found a snail-covered altar of Cheibriados.
  6362 | D:6      | Found Baler's Assorted Antiques.
  6596 | D:5      | Noticed Prince Ribbit
  6603 | D:5      | Killed Prince Ribbit
  6604 | D:5      | Reached skill level 5 in Shields
  6740 | D:5      | Killed Menkaure
  6741 | D:5      | Reached skill level 7 in Polearms
  7042 | D:5      | Reached XP level 9. HP: 75/79 MP: 12/12
  7161 | D:5      | Found a radiant altar of Vehumet.
  7211 | D:5      | Found a transporter.
  7212 | D:5      | Found a one-way gate to the infinite horrors of the Abyss.
  7212 | D:5      | Noticed itabs500's ghost (amateur FoFi)
  7647 | D:6      | Noticed Pikel
  7676 | D:6      | Killed Pikel
  8095 | D:6      | Noticed Maggie
  8112 | D:6      | Killed Maggie
  8113 | D:6      | Reached skill level 8 in Polearms
  8113 | D:6      | Reached skill level 5 in Translocations
  8796 | D:6      | Learned a level 3 spell: Teleport Other
  8802 | D:6      | Learned a level 5 spell: Manifold Assault
  8856 | D:6      | Found a staircase to the Ecumenical Temple.
  8866 | Temple   | Entered the Ecumenical Temple
  9176 | Temple   | Became a worshipper of Warmaster Okawaru
  9356 | D:8      | Found Suluix's Antique Armour Shop.
  9420 | D:8      | Reached skill level 1 in Invocations
  9843 | D:7      | Found a runed translucent door.
  9844 | D:7      | Noticed Crazy Yiuf
  9855 | D:7      | Killed Crazy Yiuf
 10312 | D:8      | Reached XP level 10. HP: 47/83 MP: 16/16
 11371 | D:10     | Entered Level 10 of the Dungeon
 11440 | D:10     | Reached * piety under Okawaru
 11543 | D:10     | Noticed Lodul
 11547 | D:10     | Reached skill level 9 in Polearms
 11566 | D:10     | Killed from afar by Lodul

Illustrated notes

Levels and vault maps discovered:
D:1:      lightli_arrival_isolated_outpost, layout_loops_corners
D:2:      layout_basic, basic_altar
D:3:      layout_loops_ring, serial_undead, serial_undead_c, serial_undead_d,
          serial_undead_e, serial_undead_d, serial_undead_f, serial_undead_b
D:4:      layout_loops_corners, nzn_wu_jian_contemplation,
          mainiacjoe_overflow_chevrons
D:5:      layout_basic, marbit_many_paths, gammafunk_ghost_abyssal_escape,
          palyth_stone_intersect, uniq_menkaure, uniq_prince_ribbit1
D:6:      layout_basic, mainiacjoe_overflow_alcove_1,
          minmay_temple_entry_proselytizer, serial_shops, nicolae_shop_trees,
          portal_sewer_entry_b, uniq_duvessa, uniq_pikel, uniq_maggie
D:7:      layout_rooms, chequers_serial_rivers_large_b, uniq_crazy_yiuf_cottage
D:8:      layout_basic, serial_shops, shop
D:9:      layout_loops_ring, yredelemnul_altar_generic,
          erik_lair_orcish_takeover
D:10:     layout_loops_ring, nicolae_overflow_hidden_temple, enter_bailey_2,
          uniq_harold, uniq_lodul, uniq_psyche
Temple:   minmay_temple_curvy_branch

Skill      XL: |  1  2  3  4  5  6  7  8  9 10 |
---------------+-------------------------------+-----
Fighting       | 3 4 5 6 7 |  7.7
Polearms       | 3 4 5 7 8 9 |  9.1
Dodging        | 3 4 |  4.3
Shields        | 1 3 5 |  5.0
Spellcasting   | 4 |  4.4
Translocations | 5 6 |  6.3
Invocations    | 2 3 |  3.3
Throwing       | |  0.8

Action                   |  1- 3 |  4- 6 |  7- 9 | 10-12 || total
-------------------------+-------+-------+-------+-------++-------
Melee: Spear             |   119 |   139 |       |       ||   258
       Tailslap          |    10 |    31 |    71 |    10 ||   122
       Punch             |       |     2 |       |       ||     2
       Trident           |       |   173 |   512 |    81 ||   766
 Cast: Blink             |       |       |     2 |       ||     2
 Abil: Breathe Noxious F |       |       |     8 |     1 ||     9
  Use: Potion            |       |       |     3 |       ||     3
 Stab: Sleeping          |       |     1 |     1 |       ||     2
       Confused          |       |       |    14 |       ||    14
Armor: Skin              |    23 |    98 |   243 |    12 ||   376
Dodge: Dodged            |    53 |   143 |   259 |    27 ||   482
Block: Buckler           |       |    16 |   108 |     5 ||   129
